 Dungeon Crawl Stone Soup version 0.18.1-47-g9310371 (webtiles) character file.

6916 matakusis the Covert (level 10, -14/63 HPs)
             Began as a Demonspawn Enchanter on June 18, 2016.
             Was a Believer of Dithmenos.
             Demolished by a six-headed hydra (17 damage)
             ... on level 1 of the Lair of Beasts.
             The game lasted 00:45:16 (8318 turns).

matakusis the Covert (Demonspawn Enchanter)         Turns: 8318, Time: 00:45:18

Health: -14/63     AC: 18    Str:  9    XL:     10   Next: 79%
Magic:  4/13       EV: 12    Int: 17    God:    Dithmenos [**....]
Gold:   232        SH:  0    Dex: 14    Spells: 4 memorised, 4 levels left

rFire  . . .     SeeInvis .     j - +1 dagger (venom)
rCold  + . .     Gourm    .     w - +0 robe "Ruixkito" {Stlth+}
rNeg   . . .     Faith    .     (no shield)
rPois  .         Spirit   .     I - +1 hat
rElec  .         Dismiss  .     i - +1 cloak
rCorr  +         Reflect  .     J - +0 pair of gloves
SustAt .         Harm     .     (no boots)
MR     .....     Rnd*Rage +     (no amulet)
Stlth  ++++++++.. Rnd*Tele +    H - ring of resist corrosion
                                B - +4 ring of protection

@: wreathed by umbra, not resistant to hostile enchantments, extraordinarily
stealthy
A: antennae 1, rough black scales 2, berserk 1, cold resistance 1, shaggy fur 1,
spiny 1, teleportitis 1, wild magic 1, freezing cloud immunity, MP-powered wands
a: Shadow Step, Renounce Religion


You were on level 1 of the Lair of Beasts.
You worshipped Dithmenos.
Dithmenos was pleased with you.
You were hungry.

You visited 3 branches of the dungeon, and saw 10 of its levels.
You also visited: Sewer.

You collected 468 gold pieces.
You spent 236 gold pieces at shops.

Inventory:

Hand Weapons
 j - a +1 dagger of venom (weapon)
Missiles
 K - 2 throwing nets (quivered)
Armour
 i - a +1 cloak (worn)
 w - the +0 robe "Ruixkito" (worn) {Stlth+}
   (You bought it in a shop on level 4 of the Dungeon)

   It makes you more stealthy.
 I - a +1 hat (worn)
 J - a +0 pair of gloves (worn)
Jewellery
 l - an uncursed ring of protection from cold
 s - an uncursed ring of positive energy
 y - an uncursed ring of protection from cold
 B - a +4 ring of protection (left hand)
 H - a ring of resist corrosion (right hand)
Wands
 D - a wand of paralysis (20/24)
 L - a wand of paralysis (11/24)
Scrolls
 e - 4 scrolls of identify
 h - 2 scrolls of enchant armour
 k - a scroll of fear
 m - 7 scrolls of teleportation
 u - a scroll of magic mapping
 F - a scroll of remove curse
 G - 3 scrolls of fog {unknown}
Potions
 a - a potion of ambrosia
 b - a potion of lignification
 g - 2 potions of curing
 n - 2 potions of agility
 p - 3 potions of flight
 q - a potion of might
 v - 2 potions of brilliance
 x - a potion of berserk rage
 A - 3 potions of heal wounds
 C - a potion of resistance
Books
 c - a book of Maledictions

   Spells                             Type                      Level
   a - Corona                         Hexes                        1
   b - Ensorcelled Hibernation        Hexes/Ice                    2
   c - Confuse                        Hexes                        3
   d - Tukima's Dance                 Hexes                        3
   e - Dazzling Spray                 Conjuration/Hexes            3
 f - a book of the Sky

   Spells                             Type                      Level
   a - Summon Lightning Spire         Summoning/Air                4
   b - Airstrike                      Air                          4
   c - Silence                        Hexes/Air                    5
   d - Deflect Missiles               Charms/Air                   6
   e - Conjure Ball Lightning         Conjuration/Air              6
   f - Tornado                        Air                          9
 o - a book of Misfortune

   Spells                             Type                      Level
   a - Confusing Touch                Hexes                        2
   b - Confuse                        Hexes                        3
   c - Gell's Gravitas                Hexes/Translocation          3
   d - Petrify                        Transmutation/Earth          4
   e - Metabolic Englaciation         Hexes/Ice                    5
   f - Yara's Violent Unravelling     Hexes/Transmutation          5
 E - a book of Necromancy

   Spells                             Type                      Level
   a - Pain                           Necromancy                   1
   b - Animate Skeleton               Necromancy                   1
   c - Vampiric Draining              Necromancy                   3
   d - Regeneration                   Charms/Necromancy            3
   e - Animate Dead                   Necromancy                   4
   f - Control Undead                 Necromancy                   4
Comestibles
 d - 6 bread rations
 r - a meat ration
 t - 8 fruits
 z - 7 beef jerkies


   Skills:
 - Level 0.8 Short Blades
 - Level 1.7 Dodging
 * Level 12.6 Stealth
 - Level 2.0 Spellcasting
 + Level 11.1 Hexes


You had 4 spell levels left.
You knew the following spells:

 Your Spells              Type           Power        Failure   Level  Hunger
a - Corona                Hex            ######.      1%          1    #......
b - Confuse               Hex            ######..     1%          3    ###....
c - Tukima's Dance        Hex            ######..     1%          3    ###....
d - Confusing Touch       Hex            ######       1%          2    ###....


Dungeon Overview and Level Annotations

Branches:
Dungeon (8/15)             Temple (1/1) D:4            Lair (1/8) D:8

Altars:
Ashenzari
Cheibriados
Dithmenos
Elyvilon
Fedhas
Gozag
Kikubaaqudgha
Makhleb
Nemelex Xobeh
Okawaru
Pakellas
Qazlal
Ru
Sif Muna
Trog
Vehumet
Xom
Yredelemnul
Zin
The Shining One

Shops:
D:4 [   D:8 *


Innate Abilities, Weirdness & Mutations

You are mostly covered in rough black scales (AC +7, Dex -2).
Your flesh is cold resistant.
You are partially covered in sharp spines.
You are immune to freezing clouds.
You have a pair of small antennae on your head.
You tend to lose your temper in combat.
You are covered in fur (AC +1).
You are occasionally teleported next to monsters.
Your spells are a little harder to cast, but a little more powerful.
You expend magic power (3 MP) to strengthen your wands.


Message History

The six-headed hydra is struck by your spines.
The six-headed hydra closely misses you. x2
The six-headed hydra barely misses you.
The six-headed hydra bites you but does no damage.
The six-headed hydra bites you!
* * * LOW HITPOINT WARNING * * *
The six-headed hydra bites you but does no damage.
You catch the helpless six-headed hydra completely off-guard!
You impale the six-headed hydra!!
The six-headed hydra is almost dead.
You hit the six-headed hydra.
The six-headed hydra is almost dead.
You hit the six-headed hydra.
The six-headed hydra is almost dead.
The six-headed hydra bites you!
* * * LOW HITPOINT WARNING * * *
The six-headed hydra barely misses you.
The six-headed hydra bites you but does no damage. x2
The six-headed hydra bites you!
You die...

#.# #...#.....#...##
####.###..........#.#.##..
#....#....>.......<......#
#.P##...............#.##P#
#.P###............### #.##
###.......#.## #.#
#...##.##.. #.#
######D##### #.## ### #@.#
#.P####..####.#####
#.................#
#.#######.######..#
#.##### #.# ...#
#..##P###.# #.#
#.........# # #.##.##.#.#
#..####.#.#


You could see a six-headed hydra (confused).

Vanquished Creatures
  Gastronok (D:8)
  Pikel (D:8)
  Joseph (D:7)
  A two-headed ogre (D:8)
  Prince Ribbit (D:7)
  Sigmund (D:2)
  2 basilisks (D:8)
  2 hungry ghosts
  Menkaure (D:7)
  3 porcupines
  A sky beast (D:4)
  2 orc warriors
  A black bear (D:6)
  2 ice beasts
  3 ogres
  5 phantoms
  A necrophage (D:7)
  6 crocodiles
  2 giant frogs
  3 scorpions
  3 howler monkeys
  A crimson imp (D:6)
  An orc priest (D:8)
  2 hounds
  A jelly (D:7)
  3 orc wizards
  Crazy Yiuf (D:2)
  2 iguanas (Lair:1)
  Jessica (D:3)
  A giant frog skeleton (D:8)
  3 worker ants
  2 killer bee zombies (D:7)
  5 sheep (D:8)
  A hound zombie (D:8)
  2 hound skeletons
  2 river rats (D:8)
  12 adders
  7 gnolls
  2 shadow imps
  5 oozes
  2 adder skeletons (D:5)
  7 worms
  5 dart slugs
  5 giant geckos
  10 orcs
  13 giant cockroaches
  13 goblins
  10 hobgoblins
  8 jackals
  A quokka (D:7)
  A ball python (Sewer)
  14 bats
  A giant gecko skeleton (D:3)
  8 giant newts
  6 kobolds
  A quokka skeleton (D:8)
  14 rats
216 creatures vanquished.

Vanquished Creatures (others)
  An orc priest (D:8)
  2 orc wizards (D:8)
  An orc (D:8)
  A quokka (D:8)
  A fungus (D:8)
6 creatures vanquished.

Grand Total: 222 creatures vanquished

Notes
Turn   | Place    | Note
--------------------------------------------------------------
     0 | D:1      | matakusis the Demonspawn Enchanter began the quest for the Orb.
     0 | D:1      | Reached XP level 1. HP: 13/13 MP: 3/3
   128 | D:1      | Reached skill level 3 in Stealth
   479 | D:1      | Gained mutation: You are partially covered in sharp spines. [demonic ancestry]
   479 | D:1      | Reached XP level 2. HP: 4/19 MP: 1/5
   879 | D:1      | Reached skill level 4 in Stealth
   881 | D:1      | Gained mutation: Your flesh is cold resistant. [demonic ancestry]
   881 | D:1      | Reached XP level 3. HP: 24/24 MP: 1/6
  1208 | D:1      | Learned a level 3 spell: Confuse
  1482 | D:2      | Found a shattered altar of Ashenzari.
  1514 | D:2      | Found an iron altar of Okawaru.
  1583 | D:2      | Found an ancient bone altar of Kikubaaqudgha.
  1681 | D:2      | Gained mutation: You are immune to freezing clouds. [demonic ancestry]
  1681 | D:2      | Reached XP level 4. HP: 30/30 MP: 7/7
  1687 | D:2      | Noticed Sigmund
  1698 | D:2      | Killed Sigmund
  1698 | D:2      | Reached skill level 5 in Stealth
  1698 | D:2      | Reached XP level 5. HP: 3/35 MP: 4/8
  2092 | D:2      | Noticed Crazy Yiuf
  2098 | D:2      | Killed Crazy Yiuf
  2098 | D:2      | Reached skill level 6 in Stealth
  2294 | D:2      | Gained mutation: You are partially covered in rough black scales (AC +4, Dex -1). [demonic ancestry]
  2294 | D:2      | Reached XP level 6. HP: 33/41 MP: 2/9
  2529 | D:2      | Gained mutation: You are covered in fur (AC +1). [potion of mutation]
  2529 | D:2      | Gained mutation: You have a pair of small antennae on your head. [potion of mutation]
  2529 | D:2      | Gained mutation: You tend to lose your temper in combat. [potion of mutation]
  2585 | D:3      | Found a white marble altar of Elyvilon.
  2612 | D:3      | Found a glowing drain.
  2617 | Sewer    | Entered a sewer
  2727 | Sewer    | Learned a level 3 spell: Tukima's Dance
  3380 | D:3      | Gained mutation: You are dopey. (Int -2) [potion of mutation]
  3437 | D:3      | Noticed Jessica
  3438 | D:3      | Found a glowing silver altar of Zin.
  3445 | D:3      | Killed Jessica
  3865 | D:4      | Found a staircase to the Ecumenical Temple.
  3878 | Temple   | Entered the Ecumenical Temple
  4144 | D:4      | Found Tiruor's Antique Armour Shop.
  4149 | D:4      | Bought a sheer robe for 171 gold pieces
  4159 | D:4      | Identified the cursed +0 robe "Ruixkito" {Stlth+} (You bought it in a shop on level 4 of the Dungeon)
  4214 | D:4      | Found a sacrificial altar of Ru.
  4229 | D:4      | Reached XP level 7. HP: 40/46 MP: 2/10
  4232 | D:4      | Reached skill level 7 in Stealth
  4232 | D:4      | Reached skill level 5 in Hexes
  4306 | D:4      | Lost mutation: You are dopey. (Int -2) [mutagenic meat]
  4307 | D:4      | Gained mutation: You are frail (-10% HP). [mutagenic meat]
  4308 | D:4      | Gained mutation: You expend magic power (3 MP) to strengthen your wands. [mutagenic meat]
  4421 | D:4      | Found a glowing golden altar of the Shining One.
  4426 | D:4      | Found a basalt altar of Yredelemnul.
  4428 | D:4      | Noticed a profane servitor
  4525 | D:4      | Noticed an angel
  4550 | D:5      | Entered Level 5 of the Dungeon
  5138 | D:5      | Reached skill level 8 in Stealth
  5389 | D:6      | Reached XP level 8. HP: 45/46 MP: 8/11
  5564 | D:6      | Learned a level 2 spell: Confusing Touch
  5662 | D:6      | Found a sparkling altar of Nemelex Xobeh.
  5704 | D:6      | Found a shadowy altar of Dithmenos.
  5733 | D:6      | Became a worshipper of Dithmenos the Shadowed
  5859 | D:6      | Reached skill level 9 in Stealth
  6255 | D:7      | Noticed Menkaure
  6460 | D:7      | Killed Menkaure
  6527 | D:7      | Noticed Prince Ribbit
  6618 | D:7      | Killed Prince Ribbit
  6618 | D:7      | Reached XP level 9. HP: 51/51 MP: 8/12
  6692 | D:7      | Reached skill level 10 in Stealth
  6702 | D:7      | Reached * piety under Dithmenos
  6942 | D:7      | Lost mutation: You are frail (-10% HP). [potion of mutation]
  6942 | D:7      | Gained mutation: Your spells are a little harder to cast, but a little more powerful. [potion of mutation]
  6949 | D:7      | Found a burning altar of Makhleb.
  6949 | D:7      | Noticed Joseph
  6970 | D:7      | Killed Joseph
  7099 | D:8      | Found a staircase to the Lair.
  7166 | D:7      | Reached skill level 11 in Stealth
  7449 | D:8      | Noticed Pikel
  7474 | D:8      | Killed Pikel
  7474 | D:8      | Gained mutation: You are mostly covered in rough black scales (AC +7, Dex -2). [demonic ancestry]
  7474 | D:8      | Reached XP level 10. HP: 42/63 MP: 6/13
  7668 | D:8      | Found Vohuxups's Assorted Antiques.
  7753 | D:8      | Bought a potion of mutation for 65 gold pieces
  7753 | D:8      | Gained mutation: You are occasionally teleported next to monsters. [potion of mutation]
  7753 | D:8      | Gained mutation: You are clumsy. (Dex -2) [potion of mutation]
  7753 | D:8      | Lost mutation: You are clumsy. (Dex -2) [potion of mutation]
  7799 | D:8      | Noticed Gastronok
  7846 | D:8      | Killed Gastronok
  7846 | D:8      | Reached skill level 12 in Stealth
  7846 | D:8      | Reached skill level 10 in Hexes
  7955 | D:8      | Found a shimmering altar of Xom.
  7978 | D:8      | Reached ** piety under Dithmenos
  8256 | Lair:1   | Entered Level 1 of the Lair of Beasts
  8300 | Lair:1   | Noticed a six-headed hydra
  8318 | Lair:1   | HP: 3/63 [six-headed hydra (8)]
  8318 | Lair:1   | Demolished by a six-headed hydra

Skill      XL: |  1  2  3  4  5  6  7  8  9 10 |
---------------+-------------------------------+-----
Stealth        | 3 4 5 6 8 9 11 12 | 12.6
Hexes          | 4 5 7 9 11 | 11.1
Short Blades   | |  0.8
Dodging        | |  1.7
Spellcasting   | |  2.0

Action                   |  1- 3 |  4- 6 |  7- 9 | 10-12 || total
-------------------------+-------+-------+-------+-------++-------
Melee: Dagger            |    71 |   119 |   220 |    80 ||   490
 Cast: Corona            |    28 |     2 |       |       ||    30
       Confuse           |     3 |    18 |    44 |    23 ||    88
       Confusing Touch   |       |       |     2 |       ||     2
  Use: Potion            |       |     7 |     1 |     4 ||    12
       Scroll            |       |    14 |     8 |     1 ||    23
 Stab: Sleeping          |     7 |    20 |    20 |     6 ||    53
       Confused          |     2 |     3 |    21 |     7 ||    33
       Distracted        |       |       |     1 |       ||     1
  Eat: Chunk             |     3 |    11 |    16 |     6 ||    36
       Meat ration       |       |       |     1 |       ||     1
Armor: Robe              |    12 |    29 |    54 |    24 ||   119
Dodge: Dodged            |    34 |    46 |    83 |    29 ||   192
